[Event "ICC tourney 2603 (40 5)"]
[Site "Internet Chess Club"]
[Date "2021.06.13"]
[Round "4"]
[White "WANG, ALEXANDER J:K05-15983386"]
[Black "KANNAN, VIJAY:K05-16132744"]
[Result "1-0"]
[ICCResult "Black forfeits on time"]
[WhiteElo "2124"]
[BlackElo "1618"]
[Opening "Sicilian: Taimanov variation"]
[ECO "B45"]
[NIC "SI.43"]
[Time "11:00:22"]
[PlyCount "63"]
[TimeControl "2400+5"]

1. e4 c5 2. Nf3 e6 3. Nc3 Nc6 4. d4 cxd4 5. Nxd4 Nf6 6. g3 Be7 7. Bg2 O-O
8. O-O Nxd4 9. Qxd4 d6 10. h3 e5 11. Qd3 Be6 12. b3 Rc8 13. Bb2 Qd7 14. Kh2
a6 15. a4 Rfd8 16. Rad1 h6 17. f4 Qc7 18. f5 Bd7 19. Rd2 Bc6 20. Bf3 Rd7
21. Rfd1 Rcd8 22. Qe2 Qb6 23. h4 Qc5 24. Qg2 Bf8 25. g4 g5 26. fxg6 fxg6
27. g5 Nh7 28. gxh6 Bxh6 29. Qxg6+ Bg7 30. Bg4 Re7 31. Bf5 Nf8 32. Qg5 {
Black forfeits on time } 1-0

[Event "ICC tourney 2603 (40 5)"]
[Site "Internet Chess Club"]
[Date "2021.06.13"]
[Round "4"]
[White "SASTRY, ARUSH:K05-30017444"]
[Black "KRISHNAN, ASHVATH:K05-30042119"]
[Result "1-0"]
[ICCResult "Black forfeits on time"]
[WhiteElo "1358"]
[BlackElo "1138"]
[Opening "Giuoco Pianissimo: Italian four knights variation"]
[ECO "C47"]
[NIC "KP.06"]
[Time "11:00:17"]
[PlyCount "75"]
[TimeControl "2400+5"]

1. e4 e5 2. Nf3 Nc6 3. Nc3 Nf6 4. Bc4 Bc5 5. d3 O-O 6. a3 h6 7. b4 Bb6 8.
O-O d6 9. Nd5 Bg4 10. h3 Bh5 11. c3 Re8 12. b5 Na5 13. Nxb6 axb6 14. Bd5 c6
15. bxc6 bxc6 16. Ba2 Qe7 17. Re1 Qc7 18. Be3 d5 19. Rb1 Ra6 20. c4 dxc4
21. dxc4 c5 22. g4 Bg6 23. Qa4 Bxe4 24. g5 Bc6 25. Qd1 hxg5 26. Bxg5 Nh7
27. h4 Qc8 28. Nxe5 Rxe5 29. Rxe5 Qh3 30. Qd8+ Nf8 31. Rd5 Bxd5 32. cxd5
Qxa3 33. Ra1 Qb2 34. Re1 Nb7 35. Qc8 Rxa2 36. Qf5 Ra8 37. Re7 Nd6 38. Qf4 {
Black forfeits on time } 1-0

[Event "ICC tourney 2603 (40 5)"]
[Site "Internet Chess Club"]
[Date "2021.06.13"]
[Round "4"]
[White "RALLABANDI, SAHASRAK:K05-16751997"]
[Black "CHANG, LUCA:K05-16081600"]
[Result "0-1"]
[ICCResult "White checkmated"]
[WhiteElo "1306"]
[BlackElo "1533"]
[Opening "Sicilian: accelerated fianchetto, modern variation"]
[ECO "B34"]
[NIC "SI.33"]
[Time "11:00:21"]
[PlyCount "140"]
[TimeControl "2400+5"]

1. e4 c5 2. Nf3 Nc6 3. d4 cxd4 4. Nxd4 g6 5. Nc3 Bg7 6. Nb3 Nf6 7. Bd3 O-O
8. O-O d5 9. exd5 Nxd5 10. Ne4 Ndb4 11. Qe2 Nxd3 12. cxd3 Bf5 13. Be3 Qc7
14. Rac1 Rfd8 15. Rfd1 Rac8 16. f3 b6 17. d4 Qd7 18. Qd2 Rc7 19. Bf4 Rb7
20. d5 Ne5 21. Bh6 Bxe4 22. fxe4 Qg4 23. Qe3 Bxh6 24. Qxh6 Qxe4 25. d6 e6
26. Rd4 Qf5 27. Rh4 f6 28. h3 Qg5 29. Qxg5 fxg5 30. Rd4 Rbd7 31. Re1 Nc6
32. Rde4 e5 33. Rg4 h6 34. h4 Rxd6 35. hxg5 h5 36. Rge4 Rd1 37. Rxd1 Rxd1+
38. Kh2 Kf7 39. Rc4 Rd6 40. Nd2 Rxd2 41. Rxc6 Rxb2 42. Rc7+ Ke6 43. Rxa7
Kf5 44. Kg3 Kxg5 45. Re7 Kf6 46. Ra7 e4 47. Ra4 Ke5 48. Ra3 Rd2 49. Rb3
Rd3+ 50. Rxd3 exd3 51. Kf2 Kd4 52. Ke1 Kc3 53. Kd1 d2 54. g3 g5 55. a3 b5
56. g4 h4 57. a4 bxa4 58. Ke2 Kc2 59. Ke3 d1=Q 60. Ke4 Qd3+ 61. Ke5 Kc3 62.
Kf6 Qd5 63. Kg6 h3 64. Kh5 h2 65. Kh6 Qe5 66. Kh5 h1=Q+ 67. Kg6 Qc6+ 68.
Kh5 Qh2+ 69. Kxg5 Qhh6+ 70. Kf5 Qce6# { White checkmated } 0-1

[Event "ICC tourney 2603 (40 5)"]
[Site "Internet Chess Club"]
[Date "2021.06.13"]
[Round "4"]
[White "LIU, ERIC CHANG:K05-16650666"]
[Black "TESSIORE, LUCA GIORGIO:K05-17347744"]
[Result "1-0"]
[ICCResult "Black forfeits on time"]
[WhiteElo "2045"]
[BlackElo "1914"]
[Opening "Sicilian: accelerated fianchetto, Breyer variation"]
[ECO "B39"]
[NIC "SI.33"]
[Time "11:00:13"]
[PlyCount "91"]
[TimeControl "2400+5"]

1. e4 c5 2. Nf3 Nc6 3. d4 cxd4 4. Nxd4 g6 5. c4 Bg7 6. Be3 Nf6 7. Nc3 Ng4
8. Qxg4 Nxd4 9. Qd1 Ne6 10. Qd2 Qa5 11. Rc1 b6 12. Qd5 Qxd5 13. cxd5 Nc7
14. b3 f5 15. d6 exd6 16. exf5 Bb7 17. fxg6 hxg6 18. Bd3 Bxg2 19. Bxg6+ Kf8
20. Rg1 Bc6 21. Ne4 Nd5 22. Nxd6 Nxe3 23. fxe3 Rxh2 24. Nf5 Bf6 25. Nd4
Bxd4 26. exd4 Rxa2 27. Rc2 Rxc2 28. Bxc2 Re8+ 29. Kd2 Ke7 30. Re1+ Kd8 31.
Rxe8+ Kxe8 32. b4 Ke7 33. Kc3 Kd6 34. Bb3 Bd5 35. Ba4 Be6 36. Bb5 Bd5 37.
Ba4 Bc6 38. Bb3 Ke7 39. Bc2 Kf6 40. Bd3 Kg5 41. Ba6 Kf4 42. Bc8 Ke4 43. Kc4
d6 44. Bh3 Ke3 45. Be6 Kd2 46. Bf5 { Black forfeits on time } 1-0

[Event "ICC tourney 2603 (40 5)"]
[Site "Internet Chess Club"]
[Date "2021.06.13"]
[Round "4"]
[White "PEYTON, NATHAN:K05-16452322"]
[Black "KAZAN, JUDE:K05-16350155"]
[Result "0-1"]
[ICCResult "White checkmated"]
[WhiteElo "1363"]
[BlackElo "1712"]
[Opening "Caro-Kann: exchange variation"]
[ECO "B13"]
[NIC "CK.02"]
[Time "11:00:26"]
[PlyCount "86"]
[TimeControl "2400+5"]

1. e4 c6 2. d4 d5 3. exd5 cxd5 4. Bd3 Nc6 5. c3 Nf6 6. h3 g6 7. Nf3 Bg7 8.
Bf4 O-O 9. Nbd2 Bf5 10. Bxf5 gxf5 11. Ne5 Nxe5 12. dxe5 Nd7 13. Nf3 e6 14.
g4 fxg4 15. hxg4 f6 16. Qc2 Nxe5 17. Qxh7+ Kf7 18. Bxe5 fxe5 19. Nh4 Qf6
20. Qh5+ Kg8 21. Rf1 Qf4 22. Ng6 Qe4+ 23. Kd2 Rf6 24. Nh4 Qf4+ 25. Ke2 Rh6
26. Ng2 Qe4+ 27. Ne3 Rxh5 28. gxh5 d4 29. h6 Bxh6 30. Rg1+ Kf7 31. Rg3 dxe3
32. fxe3 Qc2+ 33. Kf3 e4+ 34. Kg4 Rg8+ 35. Kh3 Rxg3+ 36. Kxg3 Qe2 37. Rh1
Qf3+ 38. Kh2 Bxe3 39. b3 Qh5+ 40. Kg2 Qg4+ 41. Kf1 Qf3+ 42. Ke1 Qf2+ 43.
Kd1 Qd2# { White checkmated } 0-1

[Event "ICC tourney 2603 (40 5)"]
[Site "Internet Chess Club"]
[Date "2021.06.13"]
[Round "5"]
[White "MARIAN, AARON:K05-15799497"]
[Black "XIA, CHENXIANG:K05-16930170"]
[Result "1-0"]
[ICCResult "Black checkmated"]
[WhiteElo "1400"]
[BlackElo "1084"]
[Opening "Ruy Lopez: exchange variation, 5.O-O"]
[ECO "C68"]
[NIC "RL.08"]
[Time "14:01:45"]
[PlyCount "121"]
[TimeControl "2400+5"]

1. e4 e5 2. Nf3 Nc6 3. Bb5 a6 4. Bxc6 dxc6 5. O-O Nf6 6. Nxe5 Bd6 7. Nf3
O-O 8. e5 Bg4 9. exd6 Qxd6 10. Nc3 Rfe8 11. h3 Bh5 12. Re1 Rxe1+ 13. Qxe1
Bxf3 14. gxf3 h6 15. Ne4 Nxe4 16. Qxe4 Qd7 17. Qg4 Qe7 18. d3 Qe1+ 19. Kg2
g6 20. Qd4 g5 21. Bxg5 Qe6 22. Bf6 Kh7 23. Qe4+ Qxe4 24. fxe4 Rg8+ 25. Kh2
Rg6 26. Be5 Re6 27. f4 f6 28. Bxc7 Re7 29. Bd6 Rd7 30. e5 f5 31. Re1 Rd8
32. e6 Re8 33. e7 Kg6 34. h4 Kh5 35. Kg3 Rg8+ 36. Kh3 Re8 37. Re5 Kg6 38.
h5+ Kf6 39. Kh4 b5 40. b4 Kf7 41. Bc5 Kf6 42. a3 Kf7 43. Rxf5+ Ke6 44. Rf8
Rxe7 45. Bxe7 Kxe7 46. Rh8 Kd6 47. Rxh6+ Kd5 48. c3 c5 49. bxc5 Kxc5 50. f5
b4 51. f6 bxc3 52. f7 c2 53. f8=Q+ Kb5 54. Qf5+ Ka4 55. Qe4+ Kb3 56. Qb4+
Ka2 57. Qc3 c1=Q 58. Qxc1 a5 59. Qc2+ Ka1 60. Rb6 a4 61. Rb1# { Black
checkmated } 1-0

[Event "ICC tourney 2603 (40 5)"]
[Site "Internet Chess Club"]
[Date "2021.06.13"]
[Round "5"]
[White "KESIREDDY, SAIKARUNYA:K05-16974321"]
[Black "SASTRY, ARUSH:K05-30017444"]
[Result "1-0"]
[ICCResult "Black checkmated"]
[WhiteElo "880"]
[BlackElo "1358"]
[Opening "Ruy Lopez (Spanish opening)"]
[ECO "C60"]
[NIC "RL.01"]
[Time "14:02:00"]
[PlyCount "87"]
[TimeControl "2400+5"]

1. e4 e5 2. Nf3 Nc6 3. Bb5 Bd6 4. Nc3 a6 5. Ba4 b5 6. Bb3 Nd4 7. Nxd4 exd4
8. Ne2 Bc5 9. c3 d3 10. Ng3 Nf6 11. Qf3 O-O 12. O-O d6 13. e5 dxe5 14. Qxa8
Ng4 15. Qd5 Bxf2+ 16. Rxf2 Nxf2 17. Kxf2 Qf6+ 18. Qf3 Qb6+ 19. Kf1 Kh8 20.
Qxd3 Qf6+ 21. Qf3 Qg6 22. d3 a5 23. Bd5 Bf5 24. Qxf5 Qxf5+ 25. Nxf5 g6 26.
Ne3 f5 27. Bc6 b4 28. cxb4 axb4 29. Nd5 Rd8 30. Nxb4 Rd6 31. Bg5 e4 32. Bd5
Kg7 33. Bf4 Kf6 34. Bxd6 cxd6 35. dxe4 fxe4 36. Re1 Ke5 37. Rxe4+ Kf5 38.
Re6 Kg5 39. Rxd6 h5 40. Bf7 Kh6 41. Rxg6+ Kh7 42. Nd5 Kh8 43. Nf6 h4 44.
Rg8# { Black checkmated } 1-0

[Event "ICC tourney 2603 (40 5)"]
[Site "Internet Chess Club"]
[Date "2021.06.13"]
[Round "5"]
[White "YIN, HAOXUAN:K05-16009384"]
[Black "KRISHNAN, ASHVATH:K05-30042119"]
[Result "0-1"]
[ICCResult "White resigns"]
[WhiteElo "776"]
[BlackElo "1138"]
[Opening "Ruy Lopez: Möller defense"]
[ECO "C78"]
[NIC "RL.12"]
[Time "14:02:36"]
[PlyCount "35"]
[TimeControl "2400+5"]

1. e4 e5 2. Nf3 Nc6 3. Bb5 a6 4. Ba4 Nf6 5. O-O Bc5 6. c3 b5 7. Bb3 O-O 8.
d4 exd4 9. cxd4 Ba7 10. Re1 d6 11. Bc2 Bb7 12. Nc3 Re8 13. Nd5 Nxd5 14. e5
h6 15. Qd3 g6 16. Bxh6 Ndb4 17. Qb3 Nxc2 18. Ng5 { White resigns } 0-1

[Event "ICC tourney 2603 (40 5)"]
[Site "Internet Chess Club"]
[Date "2021.06.13"]
[Round "5"]
[White "KURUP, SIDDHARTH:K05-16282415"]
[Black "ZHUANG, KYLE:K05-16368295"]
[Result "0-1"]
[ICCResult "White checkmated"]
[WhiteElo "1528"]
[BlackElo "1637"]
[Opening "King's Indian: Sämisch, 5...O-O"]
[ECO "E81"]
[NIC "KI.47"]
[Time "14:01:45"]
[PlyCount "70"]
[TimeControl "2400+5"]

1. d4 Nf6 2. c4 g6 3. Nc3 Bg7 4. e4 d6 5. f3 O-O 6. Be3 a6 7. Qd2 c6 8.
O-O-O Nbd7 9. g4 b5 10. h4 Qa5 11. Kb1 b4 12. Nce2 c5 13. d5 Ne5 14. Ng3
Qa4 15. Bh6 Bxh6 16. Qxh6 Qxd1+ 17. Qc1 Qxc1+ 18. Kxc1 a5 19. h5 a4 20.
hxg6 fxg6 21. Nh3 Nxf3 22. g5 Ng4 23. Be2 Nge5 24. Bxf3 Rxf3 25. Ne2 Rxh3
26. Rf1 Bg4 27. Ng1 Rh2 28. Kb1 a3 29. b3 Rf8 30. Nf3 Rxf3 31. Rxf3 Bxf3
32. Kc1 Nd3+ 33. Kb1 Rb2+ 34. Ka1 Rc2 35. Kb1 Rc1# { White checkmated } 0-1

[Event "ICC tourney 2603 (40 5)"]
[Site "Internet Chess Club"]
[Date "2021.06.13"]
[Round "5"]
[White "ARAVINDAKSHAN, SAHANA:K05-16741147"]
[Black "JAIN, KANISHK:K05-16575412"]
[Result "1-0"]
[ICCResult "Black resigns"]
[WhiteElo "1587"]
[BlackElo "537"]
[Opening "QGD: exchange variation"]
[ECO "D35"]
[NIC "QO.16"]
[Time "14:01:48"]
[PlyCount "45"]
[TimeControl "2400+5"]

1. d4 e6 2. c4 Nf6 3. Nc3 d5 4. cxd5 Nxd5 5. e4 Nxc3 6. bxc3 c5 7. Bc4 Nc6
8. Ne2 cxd4 9. cxd4 Bb4+ 10. Bd2 Qa5 11. a3 Bxd2+ 12. Qxd2 Qb6 13. O-O Bd7
14. Rab1 Qc7 15. Rfc1 O-O-O 16. Bb5 Kb8 17. d5 Qd6 18. Bxc6 Bxc6 19. Nd4
Bd7 20. Qb2 Bc8 21. Nc6+ Ka8 22. Nxd8 Rxd8 23. Rxc8+ { Black resigns } 1-0

[Event "ICC tourney 2603 (40 5)"]
[Site "Internet Chess Club"]
[Date "2021.06.13"]
[Round "5"]
[White "ADEWUMI, TANITOLUWA:K05-16649696"]
[Black "SATHISH, PRANAV:K05-16464655"]
[Result "1-0"]
[ICCResult "Black resigns"]
[WhiteElo "2223"]
[BlackElo "1762"]
[Opening "Queen's pawn: London system"]
[ECO "A45"]
[NIC "QP.07"]
[Time "14:01:46"]
[PlyCount "67"]
[TimeControl "2400+5"]

1. d4 Nf6 2. Bf4 d5 3. e3 c5 4. Nc3 a6 5. Nf3 e6 6. dxc5 Bxc5 7. a3 Nc6 8.
Bd3 Bd6 9. Bxd6 Qxd6 10. e4 d4 11. Na4 Nd7 12. c4 a5 13. Rc1 Nc5 14. O-O e5
15. Nb6 Rb8 16. Nd5 O-O 17. b4 axb4 18. axb4 Nxd3 19. Qxd3 f5 20. Nd2 Nxb4
21. Qa3 fxe4 22. Nxe4 Qh6 23. Qxb4 Bd7 24. Qe7 Bf5 25. Qxe5 Rbe8 26. Ne7+
Kh8 27. Nd6 Bd3 28. Nf7+ Rxf7 29. Ng6+ hxg6 30. Qxe8+ Kh7 31. Qxf7 Bxf1 32.
Rxf1 d3 33. Qf3 Qd2 34. Rd1 { Black resigns } 1-0

[Event "ICC tourney 2603 (40 5)"]
[Site "Internet Chess Club"]
[Date "2021.06.13"]
[Round "5"]
[White "KANG, DYLAN TAEWOONG:K05-16103622"]
[Black "PRASANNA, KEVIN FRANCO:K05-15771571"]
[Result "1-0"]
[ICCResult "Black checkmated"]
[WhiteElo "1601"]
[BlackElo "1346"]
[Opening "Queen's pawn, Mason variation"]
[ECO "D00"]
[NIC "QP.08"]
[Time "14:01:48"]
[PlyCount "65"]
[TimeControl "2400+5"]

1. d4 d5 2. Bf4 c6 3. e3 Bf5 4. c4 Nf6 5. Qb3 Qc8 6. Nc3 e6 7. Nf3 dxc4 8.
Bxc4 b5 9. Be2 Nd5 10. Nxd5 exd5 11. Rc1 a5 12. O-O Be7 13. Bxb5 Bd7 14.
Qa4 Qb7 15. Bd3 Qxb2 16. Rb1 Qc3 17. Ne5 f6 18. Nxd7 Nxd7 19. Bf5 g6 20.
Bxd7+ Kxd7 21. Rfc1 Rab8 22. Bxb8 Rxb8 23. Ra1 Rb4 24. Qxa5 Qd2 25. Qa7+
Ke8 26. Qa8+ Kf7 27. Qxc6 Rb2 28. Qxd5+ Kg7 29. Qf3 Ba3 30. Rc7+ Kg8 31.
Qd5+ Kh8 32. Qd8+ Bf8 33. Qxf8# { Black checkmated } 1-0

[Event "ICC tourney 2603 (40 5)"]
[Site "Internet Chess Club"]
[Date "2021.06.13"]
[Round "5"]
[White "SAKALIYSKI, CHRISTOPHER KIRILOV:K05-16115040"]
[Black "KONDABATHINI, NAMISH:K05-16992657"]
[Result "1-0"]
[ICCResult "Black checkmated"]
[WhiteElo "1345"]
[BlackElo "1076"]
[Opening "English: symmetrical variation"]
[ECO "A30"]
[NIC "EO.64"]
[Time "14:02:05"]
[PlyCount "87"]
[TimeControl "2400+5"]

1. c4 c5 2. g3 Nc6 3. Bg2 Nf6 4. Nc3 g6 5. d3 Bg7 6. e4 d6 7. Nge2 O-O 8.
O-O Re8 9. h3 h6 10. Be3 Kh7 11. f4 e5 12. g4 Qe7 13. Ng3 b6 14. Qf3 Bd7
15. g5 Ng8 16. Nd5 Qd8 17. f5 Rf8 18. f6 Bh8 19. h4 Nb4 20. Nxb4 cxb4 21.
b3 Qc8 22. Kh2 Bg4 23. Qf2 Qd7 24. Bf3 Be6 25. Rh1 Qe8 26. Kg2 Rc8 27. Rh2
h5 28. Qe2 Bg4 29. Bxg4 hxg4 30. Qxg4 Qe6 31. Qf3 Bxf6 32. gxf6 Nxf6 33. h5
Rh8 34. hxg6+ Kxg6 35. Rxh8 Rxh8 36. Qf5+ Qxf5 37. Nxf5 Rd8 38. Kf3 Kh7 39.
Bg5 Kg6 40. Rg1 a5 41. Bh4+ Kh7 42. Bxf6 Rg8 43. Rh1+ Kg6 44. Rh6# { Black
checkmated } 1-0

[Event "ICC tourney 2603 (40 5)"]
[Site "Internet Chess Club"]
[Date "2021.06.13"]
[Round "5"]
[White "LIU, NATHAN CHANG:K05-16650672"]
[Black "SHANMUGAM, MEERA:K05-16606945"]
[Result "1-0"]
[ICCResult "Black checkmated"]
[WhiteElo "1531"]
[BlackElo "1225"]
[Opening "Petrov: French attack"]
[ECO "C42"]
[NIC "RG.03"]
[Time "14:01:46"]
[PlyCount "67"]
[TimeControl "2400+5"]

1. e4 e5 2. Nf3 Nf6 3. Nxe5 d6 4. Nf3 Nxe4 5. d3 Nf6 6. d4 d5 7. Bf4 Nc6 8.
c3 Be7 9. Bd3 O-O 10. O-O Bg4 11. Nbd2 Re8 12. Qc2 Bd6 13. Bxd6 Qxd6 14.
Rfe1 h6 15. h3 Bd7 16. Bf5 Bxf5 17. Qxf5 Ne7 18. Qc2 Ng6 19. Qb3 b6 20. Qa4
a5 21. Kf1 Ne4 22. Kg1 Nf4 23. Nxe4 dxe4 24. Ne5 Qf6 25. Rxe4 Qg5 26. g3
Nxh3+ 27. Kg2 Qf5 28. Rh4 Qxf2+ 29. Kxh3 g5 30. Rh5 f5 31. Qc4+ Kh8 32.
Rxh6+ Kg7 33. Qf7+ Kxh6 34. Qg6# { Black checkmated } 1-0

[Event "ICC tourney 2603 (40 5)"]
[Site "Internet Chess Club"]
[Date "2021.06.13"]
[Round "5"]
[White "ROY, AYUSH:K05-16710940"]
[Black "RALLABANDI, SAHASRAK:K05-16751997"]
[Result "1/2-1/2"]
[ICCResult "Game drawn by mutual agreement"]
[WhiteElo "1547"]
[BlackElo "1306"]
[Opening "King's Indian: 5.Nf3"]
[ECO "E90"]
[NIC "KI.21"]
[Time "14:01:42"]
[PlyCount "125"]
[TimeControl "2400+5"]

1. d4 Nf6 2. c4 g6 3. Nc3 Bg7 4. e4 d6 5. Nf3 O-O 6. h4 Bg4 7. Be2 Qd7 8.
Bg5 h6 9. Bxf6 Bxf6 10. Qd2 Kh7 11. O-O-O a5 12. g3 a4 13. Nh2 Bxe2 14.
Qxe2 c5 15. dxc5 Bxc3 16. bxc3 Ra5 17. cxd6 exd6 18. g4 Nc6 19. Qd2 Qe6 20.
Qd3 Ne5 21. Qd4 Rc5 22. Kc2 Rxc4 23. Qxd6 Rfc8 24. Qxe6 Rxc3+ 25. Kb1 fxe6
26. f4 Nf3 27. Nxf3 Rxf3 28. f5 exf5 29. gxf5 gxf5 30. exf5 Rxf5 31. Rd7+
Kh8 32. Rxb7 Rf2 33. Rd1 Re8 34. Ra7 Rb8+ 35. Ka1 Rf4 36. h5 Rh4 37. Rg1
Rxh5 38. Rxa4 Rf5 39. Rh4 Rf6 40. Rgh1 Rbb6 41. a4 Ra6 42. Kb2 Rfb6+ 43.
Ka3 Re6 44. R1h3 Kg7 45. Rg4+ Kf7 46. Rf3+ Rf6 47. Rfg3 Ke7 48. Rg7+ Kd6
49. Kb4 Rf4+ 50. Kb3 Raxa4 51. R7g6+ Ke5 52. Rxh6 Rfb4+ 53. Kc3 Rc4+ 54.
Kd2 Rd4+ 55. Rd3 Ra2+ 56. Ke3 Re4+ 57. Kf3 Rf4+ 58. Kg3 Rf5 59. Rb3 Ra5 60.
Kg4 Ra4+ 61. Kg3 Rg5+ 62. Kh3 Ra5 63. Re3+ { Game drawn by mutual agreement
} 1/2-1/2

[Event "ICC tourney 2603 (40 5)"]
[Site "Internet Chess Club"]
[Date "2021.06.13"]
[Round "5"]
[White "YANG, ALEXANDER:K05-16917728"]
[Black "WONG, WYATT:K05-17016313"]
[Result "0-1"]
[ICCResult "White checkmated"]
[WhiteElo "1495"]
[BlackElo "1620"]
[Opening "King's Indian: Sämisch, orthodox, 7.d5"]
[ECO "E87"]
[NIC "KI.41"]
[Time "14:02:11"]
[PlyCount "64"]
[TimeControl "2400+5"]

1. d4 Nf6 2. c4 g6 3. Nc3 Bg7 4. e4 d6 5. f3 O-O 6. Be3 e5 7. d5 a5 8. Qd2
Na6 9. Nge2 Nc5 10. Bg5 h6 11. Be3 Nfd7 12. g4 Qf6 13. Ng1 Qe7 14. Bxh6
Qh4+ 15. Kd1 Bxh6 16. Qc2 Nb6 17. Nb5 f5 18. gxf5 gxf5 19. Bg2 fxe4 20. Qe2
Bf5 21. b3 c6 22. Nxd6 cxd5 23. Nxf5 Rxf5 24. Kc2 d4 25. Qe1 d3+ 26. Kb2
Qd8 27. fxe4 Qd4+ 28. Kb1 Rf2 29. Ne2 Rxe2 30. Qg3+ Kh8 31. Qxe5+ Qxe5 32.
Rf1 Qb2# { White checkmated } 0-1

[Event "ICC tourney 2603 (40 5)"]
[Site "Internet Chess Club"]
[Date "2021.06.13"]
[Round "5"]
[White "KANNAN, VIJAY:K05-16132744"]
[Black "PEYTON, NATHAN:K05-16452322"]
[Result "0-1"]
[ICCResult "White checkmated"]
[WhiteElo "1618"]
[BlackElo "1363"]
[Opening "QGD Slav: Czech defense"]
[ECO "D17"]
[NIC "SL.04"]
[Time "14:01:42"]
[PlyCount "188"]
[TimeControl "2400+5"]

1. d4 d5 2. c4 c6 3. Nf3 Nf6 4. Nc3 dxc4 5. a4 Bf5 6. Bf4 e6 7. e3 Bd6 8.
Bxd6 Qxd6 9. Bxc4 Nbd7 10. O-O O-O 11. Re1 Nb6 12. Bd3 Bxd3 13. Qxd3 Nbd5
14. Nxd5 exd5 15. Rac1 Qb4 16. Qc2 Ne4 17. Ne5 Qe7 18. f3 Nf6 19. e4 dxe4
20. fxe4 Rad8 21. Nf3 Rfe8 22. e5 Nd5 23. Qc5 Qxc5 24. dxc5 Nf4 25. Rcd1
Nd3 26. Re2 Nxc5 27. Red2 Rxd2 28. Rxd2 Nxa4 29. b3 Nc5 30. b4 Ne6 31. Rd7
Rb8 32. Nd2 Kf8 33. Nc4 Ke8 34. Rxb7 Rxb7 35. Nd6+ Kd7 36. Nxb7 Kc7 37. Na5
Kb6 38. Nc4+ Kb5 39. Nd6+ Kxb4 40. Nxf7 c5 41. Nd6 c4 42. Ne4 c3 43. Nf2 c2
44. Nd3+ Kc3 45. Nc1 Kb2 46. Nd3+ Kb1 47. Kf2 c1=Q 48. Nxc1 Kxc1 49. Ke3 a5
50. Ke4 a4 51. Kd5 Ng5 52. h4 a3 53. hxg5 a2 54. e6 a1=Q 55. e7 Qa5+ 56.
Kd6 Qd2+ 57. Ke6 Qe3+ 58. Kd7 Qd4+ 59. Ke6 Qe4+ 60. Kd6 Qg6+ 61. Kd7 Qf7
62. Kd8 Qd5+ 63. Kc7 Qe5+ 64. Kd7 Qd5+ 65. Kc7 Qe6 66. Kd8 Qd6+ 67. Ke8 Kd2
68. Kf7 Qd7 69. Kf8 Ke3 70. e8=Q+ Qxe8+ 71. Kxe8 Kf4 72. Kf7 Kxg5 73. Kxg7
h5 74. Kf7 Kf5 75. Kg7 Kg5 76. Kf7 h4 77. Ke6 Kg6 78. Ke5 Kg5 79. Ke4 Kg4
80. Ke3 Kg3 81. Ke2 Kxg2 82. Ke1 h3 83. Ke2 h2 84. Ke1 h1=Q+ 85. Ke2 Qf1+
86. Ke3 Qf3+ 87. Kd2 Qe4 88. Kd1 Qe3 89. Kc2 Kf2 90. Kd1 Qe2+ 91. Kc1 Ke3
92. Kb1 Kd3 93. Ka1 Kc3 94. Kb1 Qb2# { White checkmated } 0-1

[Event "ICC tourney 2603 (40 5)"]
[Site "Internet Chess Club"]
[Date "2021.06.13"]
[Round "5"]
[White "ZIEGLER, NATE:K05-15967852"]
[Black "LI, JINGTU OSCAR:K05-16113408"]
[Result "1-0"]
[ICCResult "Black resigns"]
[WhiteElo "1873"]
[BlackElo "1449"]
[Opening "Grünfeld: modern exchange variation"]
[ECO "D90"]
[NIC "GI.07"]
[Time "14:02:05"]
[PlyCount "79"]
[TimeControl "2400+5"]

1. d4 Nf6 2. Nf3 g6 3. c4 Bg7 4. Nc3 d5 5. cxd5 Nxd5 6. e4 Nxc3 7. bxc3 c5
8. Be3 O-O 9. h3 Nc6 10. Bc4 Na5 11. Be2 Be6 12. O-O Nc4 13. Bf4 cxd4 14.
cxd4 Nb6 15. a4 Bc4 16. a5 Bxe2 17. Qxe2 Nd7 18. Qb5 b6 19. axb6 Nxb6 20.
Rfc1 Bxd4 21. Bc7 Bxf2+ 22. Kxf2 Qd7 23. Qb3 Nc8 24. e5 e6 25. Kg1 Ne7 26.
Bd6 Rfc8 27. Ng5 Rxc1+ 28. Rxc1 Nf5 29. Rc7 Qe8 30. Nxf7 a5 31. Ng5 a4 32.
Qa2 Rc8 33. Nxh7 Rxc7 34. Nf6+ Kf7 35. Nxe8 Rc1+ 36. Kh2 Kxe8 37. Qxe6+ Kd8
38. Qxg6 Nxd6 39. Qg5+ Kd7 40. Qxc1 { Black resigns } 1-0

[Event "ICC tourney 2603 (40 5)"]
[Site "Internet Chess Club"]
[Date "2021.06.13"]
[Round "5"]
[White "BIRD, BRIAN:K05-15768143"]
[Black "DUNIKOV, GLIB:K05-16572317"]
[Result "1-0"]
[ICCResult "Black checkmated"]
[WhiteElo "1531"]
[BlackElo "1502"]
[Opening "Nimzovich-Larsen attack: Dutch variation"]
[ECO "A01"]
[NIC "VO.08"]
[Time "14:01:48"]
[PlyCount "165"]
[TimeControl "2400+5"]

1. b3 f5 2. Bb2 Nf6 3. e3 g6 4. Nf3 Bg7 5. c4 O-O 6. Nc3 d6 7. Be2 e5 8. d4
e4 9. Nd2 c6 10. h3 d5 11. cxd5 cxd5 12. Rc1 Be6 13. Ba3 Rf7 14. Nb5 Nc6
15. Nd6 Rd7 16. Nxb7 Rxb7 17. Rxc6 Bd7 18. Rc1 Qa5 19. Bc5 Qxa2 20. O-O Qa5
21. b4 Qd8 22. Ba6 Rc7 23. Bd6 Rc6 24. Rxc6 Bxc6 25. Bc5 Qd7 26. Qb1 Bb5
27. Bxb5 Qxb5 28. Qc2 Rc8 29. Qb3 a6 30. Nb1 Qc6 31. Nc3 Rb8 32. Ra1 g5 33.
Qa4 Qxa4 34. Rxa4 f4 35. Rxa6 Kf7 36. b5 Nd7 37. Bd6 Rb7 38. Nxd5 Rxb5 39.
Nc3 Rb3 40. Nxe4 fxe3 41. fxe3 h6 42. Ra7 Ke8 43. Nc5 Nxc5 44. Bxc5 Bf6 45.
e4 Rb5 46. e5 Bxe5 47. Re7+ Kd8 48. Rxe5 Kd7 49. Re7+ Kd8 50. Rh7 Rb1+ 51.
Kh2 Rf1 52. Rxh6 Rf5 53. Rh5 Ke8 54. h4 Kf7 55. Rxg5 Rf6 56. g4 Rh6 57. Rh5
Rg6 58. Rf5+ Ke8 59. Kg3 Kd7 60. h5 Rh6 61. Kh4 Ke6 62. Rg5 Kf6 63. Rg6+
Rxg6 64. hxg6 Kxg6 65. d5 Kf7 66. d6 Ke6 67. g5 Kf7 68. Kg4 Ke6 69. Kf4 Kd7
70. g6 Ke6 71. g7 Kf7 72. d7 Kxg7 73. Bf8+ Kf7 74. d8=Q Ke6 75. Qe7+ Kd5
76. Qe5+ Kc6 77. Bc5 Kd7 78. Qd6+ Kc8 79. Qe7 Kb8 80. Bg1 Kc8 81. Ke5 Kb8
82. Kd6 Kc8 83. Qc7# { Black checkmated } 1-0

[Event "ICC tourney 2603 (40 5)"]
[Site "Internet Chess Club"]
[Date "2021.06.13"]
[Round "5"]
[White "KAZAN, JUDE:K05-16350155"]
[Black "XIA, RUOXIAO:K05-16025390"]
[Result "0-1"]
[ICCResult "White checkmated"]
[WhiteElo "1712"]
[BlackElo "1921"]
[Opening "Sicilian defense"]
[ECO "B20"]
[NIC "SI.48"]
[Time "14:01:53"]
[PlyCount "114"]
[TimeControl "2400+5"]

1. e4 c5 2. a3 e6 3. b4 cxb4 4. axb4 Bxb4 5. c3 Ba5 6. d4 Nf6 7. Bd3 Nc6 8.
Ba3 Nxd4 9. Qa4 Nc6 10. f4 Bc7 11. e5 Nd5 12. Nf3 d6 13. O-O O-O 14. Ng5 f5
15. exf6 Nxf6 16. Qc2 h6 17. Bh7+ Kh8 18. Rf3 e5 19. Bf5 e4 20. Bxc8 exf3
21. Bxb7 hxg5 22. Bxc6 Bb6+ 23. Kf1 fxg2+ 24. Qxg2 Rc8 25. Bf3 g4 26. Be4
Nh5 27. f5 Qg5 28. Nd2 Rxc3 29. Bxd6 Rxf5+ 30. Bxf5 Qxf5+ 31. Ke1 Qe6+ 32.
Kd1 Qxd6 33. Qxg4 Nf6 34. Qh4+ Kg8 35. Qe1 Be3 36. Ra2 Ne4 37. Ke2 Bxd2 38.
Rxd2 Nxd2 39. Qxd2 Qxd2+ 40. Kxd2 Rh3 41. Ke2 Rxh2+ 42. Kd3 a5 43. Kc4 Rh5
44. Kd4 a4 45. Kc4 Ra5 46. Kb4 Ra8 47. Ka3 g5 48. Kb2 a3+ 49. Kc2 a2 50.
Kb2 a1=Q+ 51. Kc2 Ra2+ 52. Kd3 Qd1+ 53. Ke4 Ra4+ 54. Kf5 Qf3+ 55. Kg6 Ra6+
56. Kxg5 Ra5+ 57. Kh6 Qf6# { White checkmated } 0-1